Map: Traitor's Exile

Players

SargentoHek

  • Race: Terran Terran
  • Spawn Location: 12:00

Ernestoide

  • Race: Terran Terran
  • League: Platinum
  • Spawn Location: 9:00

Feniks - Winner!

  • Race: Protoss Protoss
  • League: Gold
  • Spawn Location: 5:00

ZESTisBEST - Winner!

  • Race: Protoss Protoss
  • League: Master
  • Spawn Location: 6:00

VOD

Have the link to the VOD?

Description

Time

  • Played on: Aug. 25, 2017, 10:54 a.m.
  • Length: 7:16
Show
View Real Time Build Order
Export as new Build Order

SargentoHek Terran 

Build Orders:  

Get SALT Encoding   

  12  0:02  SCV  
  13  0:14  SCV  
  14  0:20  Supply Depot  
  14  0:30  Refinery  
  14  0:31  SCV  
  15  0:44  Barracks  
  15  0:46  SCV  
  16  1:00  SCV  
  17  1:13  SCV  
  17  1:16  Refinery  
  18  1:29  SCV  
  19  1:33  Marine  
  19  1:37  Factory  
  20  1:41  SCV  
  21  1:52  Barracks Tech Lab  
  21  2:00  SCV  
  22  2:16  Supply Depot  
  22  2:23  Factory Tech Lab  
  22  2:25  Factory, Orbital Command  
  22  2:40  Supply Depot  
  22  2:43  Siege Tank  
  24  2:52  SCV  
  25  3:04  SCV  
  26  3:09  Supply Depot  
  26  3:11  Siege Tank  
  29  3:16  SCV  
  30  3:27  Barracks Reactor  
  30  3:33  Siege Tank  
  33  3:50  Siege Tank  
  36  4:06  Command Center  
  36  4:11  Widow Mine  
  36  4:14  Marine x2  
  40  4:21  Widow Mine  
  42  4:32  Marine  
  43  4:44  SCV  
  44  4:56  SCV  
  45  5:09  SCV  
  46  5:21  SCV  
  47  5:28  Marine x2  
  49  5:29  Engineering Bay  
  49  5:33  SCV  
  48  5:46  Marine x2  
  36  5:58  Missile Turret  
  36  6:03  Marine  
  37  6:13  Siege Tank x2  
  37  6:17  Supply Depot  
  43  6:29  Marine x2  
  51  6:47  Marine x2  
  51  6:52  SCV  
Show
View Real Time Build Order
Export as new Build Order

Ernestoide Terran 

Build Orders:  

Get SALT Encoding   

  12  0:00  SCV  
  13  0:13  SCV  
  14  0:19  Supply Depot  
  14  0:26  SCV  
  15  0:40  SCV  
  16  0:42  Barracks  
  16  0:47  Refinery  
  16  0:53  SCV  
  17  1:07  SCV  
  17  1:09  Supply Depot  
  18  1:17  Barracks  
  18  1:20  SCV  
  19  1:32  SCV  
  20  1:38  Refinery  
  20  1:39  Reaper  
  21  1:44  SCV  
  22  1:56  SCV  
  22  1:58  Supply Depot  
  23  2:04  Reaper  
  24  2:08  SCV  
  25  2:15  Reaper  
  25  2:22  SCV  
  27  2:34  Factory  
  27  2:55  Barracks Reactor, Barracks Tech Lab  
  27  2:57  Orbital Command  
  27  3:03  Command Center  
  26  3:46  Marine  
  26  3:47  Marauder  
  29  4:04  Marine x2  
  29  4:08  Marauder  
  32  4:24  Marine x2  
  32  4:28  SCV  
  32  4:29  Marauder  
  32  4:30  Factory Reactor  
  37  4:31  Factory Tech Lab  
  37  4:40  SCV  
  37  4:44  SCV  
  39  4:46  Marine x2  
  39  4:51  Marauder, Siege Tank  
  47  4:56  SCV  
  47  4:59  Starport  
  40  5:08  SCV  
  39  5:20  SCV  
  38  5:25  Engineering Bay  
  38  5:27  Orbital Command  
  28  5:48  Refinery  
  26  5:50  Refinery  
  26  5:53  Marauder, Marine x2  
  26  5:54  SCV  
  26  6:00  Missile Turret  
  21  6:06  SCV  
  4  6:49  Missile Turret  
Show
View Real Time Build Order
Export as new Build Order

Feniks Protoss - Winner!

Build Orders: 1 Gate Expand, Dark Templar Rush 

Get SALT Encoding   

  12  0:03  Probe (Chrono Boost)  
  14  0:14  Probe (Chrono Boost)  
  14  0:19  Pylon  
  14  0:25  Probe (Chrono Boost)  
  15  0:39  Probe (Chrono Boost), Gateway  
  17  0:50  Probe (Chrono Boost)  
  17  0:52  Assimilator  
  17  1:00  Probe (Chrono Boost)  
  18  1:11  Probe (Chrono Boost)  
  19  1:21  Probe (Chrono Boost)  
  20  1:32  Probe (Chrono Boost)  
  21  1:36  Nexus  
  21  1:44  Cybernetics Core  
  21  1:47  Probe (Chrono Boost)  
  22  1:52  Assimilator  
  22  1:57  Probe (Chrono Boost)  
  22  2:00  Pylon  
  23  2:18  Probe (Chrono Boost)  
  23  2:21  Stalker (Chrono Boost)  
  26  2:23  Warp Gate  
  26  2:38  Twilight Council  
  26  2:41  Probe  
  27  2:46  Probe  
  27  2:50  Stalker (Chrono Boost)  
  30  2:56  Probe  
  31  3:01  Probe  
  30  3:24  Probe (Chrono Boost)  
  29  3:31  Probe (Chrono Boost)  
  30  3:34  Probe (Chrono Boost)  
  31  3:41  Probe (Chrono Boost), Dark Shrine  
  31  3:45  Probe (Chrono Boost)  
  33  4:04  Gateway  
  33  4:05  Gateway  
  33  4:09  Pylon  
  33  4:18  Pylon  
  33  4:19  Probe x2 (Chrono Boost)  
  35  4:28  Gateway  
  35  4:30  Probe x2 (Chrono Boost)  
  37  4:32  Gateway  
  37  4:34  Charge  
  37  4:56  Gateway  
  37  4:58  Dark Templar x2  
  37  4:59  Dark Templar  
  43  5:10  Probe (Chrono Boost)  
  43  5:11  Probe (Chrono Boost)  
  45  5:23  Probe x2 (Chrono Boost)  
  45  5:27  Assimilator  
  47  5:31  Assimilator  
  47  5:33  Probe x2 (Chrono Boost)  
  45  5:35  Dark Templar x2  
  49  6:00  Dark Templar  
  49  6:02  Zealot x2  
  55  6:15  Probe  
  55  6:17  Probe  
  57  6:20  Zealot x2  
  61  6:26  Probe  
  61  6:27  Pylon  
  61  6:29  Pylon  
  62  6:44  Probe, Pylon  
  62  6:45  Probe  
  64  6:50  Zealot x4  
  64  6:51  Zealot x2  
  76  6:57  Probe  
Show
View Real Time Build Order
Export as new Build Order

ZESTisBEST Protoss - Winner!

Build Orders: 1 Gate Expand, Dark Templar Rush 

Get SALT Encoding   

  12  0:01  Probe (Chrono Boost)  
  13  0:11  Probe (Chrono Boost)  
  14  0:18  Pylon  
  14  0:22  Probe (Chrono Boost)  
  15  0:36  Probe (Chrono Boost)  
  15  0:39  Gateway  
  16  0:47  Probe (Chrono Boost)  
  16  0:49  Assimilator  
  17  0:57  Probe (Chrono Boost)  
  18  1:08  Probe (Chrono Boost)  
  20  1:18  Probe (Chrono Boost)  
  20  1:29  Nexus  
  20  1:30  Probe (Chrono Boost)  
  21  1:40  Cybernetics Core  
  22  1:47  Probe (Chrono Boost)  
  22  1:48  Assimilator  
  22  1:56  Pylon  
  22  1:58  Probe (Chrono Boost)  
  23  2:14  Probe (Chrono Boost)  
  24  2:17  Stalker (Chrono Boost)  
  24  2:18  Warp Gate  
  26  2:25  Probe  
  26  2:29  Twilight Council  
  27  2:37  Probe  
  27  2:39  Probe  
  29  2:48  Stalker (Chrono Boost)  
  29  2:50  Probe x2  
  33  3:00  Probe  
  33  3:02  Probe  
  35  3:06  Dark Shrine  
  35  3:12  Probe (Chrono Boost)  
  35  3:13  Pylon  
  35  3:14  Probe (Chrono Boost)  
  37  3:23  Probe (Chrono Boost)  
  37  3:25  Probe (Chrono Boost)  
  40  3:34  Probe (Chrono Boost)  
  40  3:35  Probe (Chrono Boost)  
  41  3:44  Probe (Chrono Boost)  
  41  3:48  Probe (Chrono Boost)  
  43  3:55  Probe (Chrono Boost)  
  43  3:57  Gateway  
  43  3:59  Probe (Chrono Boost)  
  43  4:01  Gateway  
  43  4:02  Gateway  
  42  4:05  Probe (Chrono Boost)  
  42  4:09  Assimilator  
  43  4:11  Pylon  
  43  4:15  Probe (Chrono Boost), Assimilator  
  42  4:25  Dark Templar  
  42  4:28  Charge  
  42  4:29  Shadow Stride (Chrono Boost)  
  45  4:31  Probe (Chrono Boost)  
  45  4:34  Probe (Chrono Boost)  
  45  4:39  Gateway  
  45  4:41  Gateway  
  45  4:44  Probe (Chrono Boost)  
  46  4:48  Probe (Chrono Boost)  
  47  4:55  Dark Templar  
  51  5:02  Probe (Chrono Boost)  
  52  5:11  Dark Templar x2  
  57  5:19  Zealot  
  56  5:27  Gateway  
  56  5:29  Gateway  
  56  5:32  Dark Templar  
  56  5:33  Pylon  
  58  5:37  Pylon  
  58  5:38  Pylon  
  54  5:46  Dark Templar x3  
  54  5:48  Zealot  
  56  5:50  Zealot  
  56  5:52  Probe (Chrono Boost)  
  56  5:57  Probe (Chrono Boost)  
  60  6:05  Dark Templar  
  62  6:15  Probe  
  62  6:16  Dark Templar  
  60  6:20  Zealot x3  
  60  6:21  Zealot  
  60  6:25  Probe (Chrono Boost)  
  69  6:27  Probe (Chrono Boost)  
  70  6:38  Dark Templar  
  72  6:43  Zealot x2, Dark Templar  
  75  7:03  Dark Templar x2  
  75  7:04  Zealot x2  
Tags
 
Add a new tag
Caveats
  • Supply blocks, unpowered buildings, or Contaminate may cause inaccurate times.
  • Supply counts are checked every 10 seconds.